 Dungeon Crawl Stone Soup version 0.24-a0-201-gf205589 (webtiles) character file.

Game seed: 13780344793799709379

1659 Borgoz the Cutter (level 9, -4/52 HPs)
             Began as a Gargoyle Gladiator on Mar 25, 2019.
             Was an Initiate of Ashenzari.
             Slain by an ogre
             ... wielding a +0 giant club
              (17 damage)
             ... on level 6 of the Dungeon.
             The game lasted 00:13:06 (7831 turns).

Borgoz the Cutter (Gargoyle Gladiator)              Turns: 7831, Time: 00:13:07

Health: -4/52      AC: 20    Str: 18    XL:     9   Next: 0%
Magic:  12/13      EV: 14    Int: 10    God:    Ashenzari [......]
Gold:   371        SH:  0    Dex: 13    Spells: 13/14 levels left

rFire    + . .     SeeInvis .   a - +0 short sword (protect)
rCold    . . .     Gourm    .   (no shield)
rNeg     + . .     Faith    .   s - +2 leather armour {rF+}
rPois    ∞         Spirit   .   c - +0 helmet
rElec    +         Reflect  .   (no cloak)
rCorr    .         Harm     .   (no gloves)
MR       .....                  (no boots)
Stlth    +.........             (no amulet)
HPRegen  0.17/turn              r - ring of attention (curse)
MPRegen  0.13/turn              v - ring of wizardry

@: protection aura
A: negative energy resistance 1, electricity resistance, unbreathing,
petrification resistance, rot immunity, AC +6
a: Curse Item, Renounce Religion


You were on level 6 of the Dungeon.
You worshipped Ashenzari.
Ashenzari was noncommittal.
You were not hungry.

You visited 2 branches of the dungeon, and saw 7 of its levels.

You collected 371 gold pieces.

Inventory:

Hand Weapons
 a - a +0 short sword of protection (weapon)
 b - a +1 rapier
 j - a +0 rapier
 w - a +1 short sword of holy wrath
Missiles
 k - 7 javelins (quivered)
Armour
 c - a +0 helmet (worn)
 s - a +2 leather armour of fire resistance (worn)
Jewellery
 n - an uncursed ring of fire
 r - a cursed ring of attention (left hand)
 v - a ring of wizardry (right hand)
Scrolls
 e - a scroll of fear {unknown}
 g - 2 scrolls of teleportation
 h - a scroll of blinking
Potions
 d - a potion of agility
 i - a potion of cancellation
 l - 3 potions of heal wounds
 m - 2 potions of lignification
 o - 3 potions of curing
 q - a potion of haste
 x - a potion of magic
 z - a potion of flight {unknown}
Comestibles
 f - 9 rations
 p - a chunk of flesh


   Skills:
 + Level 4.5 Fighting
 * Level 5.4 Short Blades
 + Level 3.5 Throwing
 + Level 3.6 Armour
 * Level 4.9 Dodging
 + Level 3.9 Stealth
 + Level 3.1 Spellcasting
 + Level 1.4 Hexes


You had 13 spell levels left.
You knew the following spells:

 Your Spells              Type           Power        Failure   Level  Hunger
a - Confusing Touch       Hex            #.....       8%          1    #......

Your spell library contained the following spells:

 Spells                   Type           Power        Failure   Level  Hunger
 Animate Skeleton         Necr           N/A          13%         1    #......
 Apportation              Tloc           #.....       13%         1    #......
 Summon Small Mammal      Summ           #...         13%         1    #......


Dungeon Overview and Level Annotations

Branches:
Dungeon (6/15)             Temple (1/1) D:5

Altars:
Ashenzari
Cheibriados
Elyvilon
Fedhas
Gozag
Hepliaklqana
Makhleb
Nemelex Xobeh
Okawaru
Qazlal
Ru
Sif Muna
Trog
Uskayaw
Vehumet
Wu Jian
Xom


Innate Abilities, Weirdness & Mutations

You are resistant to torment.
Your stone body is resilient. (AC +6)
You are immune to poison.
You resist negative energy. (rN+)
You are resistant to electric shocks. (rElec)
You can survive without breathing.
You are immune to petrification.
You are immune to rotting.


Message History

Confirm with . or Enter, or press ? or * to list all spells.
Your hands begin to glow red.
The ogre hits you with a +0 giant club!!
* * * LOW HITPOINT WARNING * * *
Unknown command.
You hit the ogre but do no damage.
The ogre appears confused.
You hit the ogre.
The ogre is lightly wounded.
The ogre barely misses you.
You hit the ogre.
The ogre is moderately wounded.
The ogre completely misses you.
You hit the ogre but do no damage.
The ogre is moderately wounded.
You hit the ogre.
The ogre is heavily wounded.
A howler monkey comes into view.
The howler monkey howls!
The ogre hits you with a +0 giant club!
You die...

#.# #.##.# ##.## #.##.#
###...## #.##.# #......##
#.##(#
#......###.##.####### ##
##...........(.......
....#).....###..)†.......
###......####.#.########
........@O...#.#.#
.########.##.#.#.# ...#
#.#.# #.#..#.#.#
#.##.#.#.# ... ...#.. h#
### .>


You could see an ogre (confused) and a howler monkey.

Vanquished Creatures
  Edmund (D:4)
  A water moccasin (D:4)
  Duvessa (D:5)
  2 sky beasts
  An ice beast (D:5)
  A phantom (D:5)
  An ogre (D:5)
  A centaur (D:6)
  A gnoll sergeant (D:5)
  Dowan (D:5)
  A scorpion (D:4)
  2 hounds (D:4)
  2 jellies
  4 orc priests
  A bullfrog skeleton (D:5)
  Terence (D:3)
  2 orc wizards
  4 worker ants
  4 gnolls
  7 adders
  2 oozes
  An adder skeleton (D:5)
  6 worms
  5 dart slugs
  A leopard gecko (D:4)
  22 orcs
  A ball python (D:4)
  5 giant cockroaches
  9 goblins
  12 hobgoblins
  9 jackals
  A quokka (D:3)
  10 bats
  5 frilled lizards
  8 kobolds
  10 rats
146 creatures vanquished.

Notes
Turn   | Place    | Note
-------+----------+-------------------------------------------
     0 | D:1      | Borgoz the Gargoyle Gladiator began the quest for the Orb.
     0 | D:1      | Reached XP level 1. HP: 12/12 MP: 1/1
   192 | D:1      | Reached XP level 2. HP: 17/17 MP: 2/2
   397 | D:1      | Reached XP level 3. HP: 22/22 MP: 3/3
   546 | D:1      | Reached skill level 3 in Short Blades
  1138 | D:2      | Reached skill level 1 in Armour
  1554 | D:2      | Found a sacrificial altar of Ru.
  1627 | D:2      | Reached XP level 4. HP: 27/27 MP: 5/5
  1847 | D:2      | Reached skill level 1 in Stealth
  1847 | D:2      | Reached skill level 1 in Spellcasting
  1961 | D:2      | Reached XP level 5. HP: 24/31 MP: 6/6
  3093 | D:3      | Noticed Terence
  3122 | D:3      | Killed Terence
  3247 | D:3      | Reached XP level 6. HP: 27/37 MP: 6/8
  3349 | D:3      | You fall through a shaft!
  3490 | D:3      | Found a faded altar of an unknown god.
  4207 | D:4      | Reached skill level 4 in Short Blades
  4282 | D:4      | Noticed Edmund
  4464 | D:4      | Killed Edmund
  4464 | D:4      | Reached XP level 7. HP: 25/41 MP: 8/10
  5502 | D:5      | Entered Level 5 of the Dungeon
  5711 | D:5      | Reached XP level 8. HP: 33/48 MP: 11/11
  5828 | D:5      | Found a staircase to the Ecumenical Temple.
  5911 | Temple   | Entered the Ecumenical Temple
  5931 | Temple   | Became a worshipper of Ashenzari the Shackled
  5935 | Temple   | Learned a level 1 spell: Confusing Touch
  6431 | D:5      | Noticed Dowan
  6431 | D:5      | Noticed Duvessa
  6462 | D:5      | Killed Duvessa
  6462 | D:5      | Reached skill level 5 in Short Blades
  6485 | D:5      | Killed Dowan
  6764 | D:5      | Reached skill level 1 in Hexes
  7804 | D:6      | Reached XP level 9. HP: 26/52 MP: 13/13
  7831 | D:6      | Slain by an ogre

Levels and vault maps discovered:
D:1:      minmay_arrival_four_circles, layout_basic
D:2:      minmay_razor_zed, layout_basic, lemuel_coloured_pillars_altar,
          first_ration
D:3:      layout_loops_ring, chequers_ecumenical_altar_simple_redux,
          grunt_ministairs_14, uniq_terence
D:4:      minmay_spotlight, layout_loops_corners,
          minmay_misc_feat_secret_circle, uniq_edmund
D:5:      layout_cave_pods, temple_green, uniq_duvessa
D:6:      layout_loops_ring, lemuel_doored_altar, kennysheep_decorative_pillar,
          hangedman_abyss_or_decor_passed
Temple:   kb_temple_of_zot

Skill      XL: |  1  2  3  4  5  6  7  8 |
---------------+-------------------------+-----
Short Blades   | 3 4 5 |  5.4
Armour         | 1 2 3 |  3.6
Throwing       | 2 3 |  3.5
Dodging        | 3 4 |  4.9
Stealth        | 1 2 3 |  3.9
Spellcasting   | 1 2 3 |  3.1
Fighting       | 3 4 |  4.5
Hexes          | 1 |  1.4

Action                   |  1- 3 |  4- 6 |  7- 9 || total
-------------------------+-------+-------+-------++-------
Melee: Rapier            |    72 |       |       ||    72
       Short sword       |    57 |   488 |   522 ||  1067
Throw: Throwing net      |       |     3 |     1 ||     4
 Cast: Confusing Touch   |       |       |    10 ||    10
  Use: Potion            |       |     5 |     1 ||     6
       Scroll            |       |     4 |     7 ||    11
 Stab: Sleeping          |     1 |       |       ||     1
       Held in net/web   |       |     1 |     2 ||     3
       Confused          |       |       |     8 ||     8
  Eat: Chunk             |     2 |     9 |    13 ||    24
Armor: Leather armour    |    49 |    29 |   163 ||   241
       Ring mail         |       |   151 |    40 ||   191
       Skin              |       |    22 |    23 ||    45
Dodge: Dodged            |    79 |   275 |   313 ||   667

Table legend:
 A = Non-vault XP
 B = Vault XP
 C = Vault XP percentage of total XP
 D = Non-vault monster count
 E = Vault monster count
 F = Vault count percentage of total count
                 A         B        C        D         E       F
            +---------+---------+-------+---------+---------+-------
      Total |    1840 |     531 |  22.4 |     125 |      21 |  14.4
            +---------+---------+-------+---------+---------+-------
        D:1 |      54 |       0 |   0.0 |      26 |       0 |   0.0
        D:2 |     110 |      32 |  22.5 |      19 |      13 |  40.6
        D:3 |     201 |      39 |  16.2 |      31 |       3 |   8.8
        D:4 |     491 |     244 |  33.2 |      17 |       3 |  15.0
        D:5 |     807 |     216 |  21.1 |      30 |       2 |   6.2
        D:6 |     177 |       0 |   0.0 |       2 |       0 |   0.0
            +---------+---------+-------+---------+---------+-------
